 Dungeon Crawl Stone Soup version 0.29-a0-824-gd827844252 (webtiles) character file.

Game seed: 6283367544687844525

23462 Demosthentine the Warrior (level 13, 0/117 HPs)
             Began as a Merfolk Gladiator on July 11, 2022.
             Was an Elder of the Shining One.
             Shot with an arrow by Nessos (4 damage)
             ... on level 13 of the Dungeon.
             The game lasted 00:17:11 (15272 turns).

Demosthentine the Warrior (Merfolk Gladiator)      Turns: 15272, Time: 00:17:11

Health: 0/117      AC: 14    Str: 16    XL:     13   Next: 6%
Magic:  19/19      EV: 27    Int:  8    God:    the Shining One [****..]
Gold:   1711       SH:  0    Dex: 21    Spells: 12/12 levels left

rFire   . . .      SeeInvis .   a - +1 trident
rCold   . . .      Faith    .   (no shield)
rNeg    + + .      Spirit   .   d - +3 steam dragon scales
rPois   .          Reflect  .   c - +0 helmet
rElec   +          Harm     .   e - +0 cloak
rCorr   +          Rampage  .   y - +2 pair of gloves of Atsanone {rElec Dex+3}
Will    .....                   (no boots)
Stlth   +.........              w - amulet of regeneration
HPRegen 1.09/turn               m - ring of resist corrosion
MPRegen 0.16/turn               b - +4 ring of evasion

@: lethally poisoned (0 -> -32), glowing, studying Fighting
A: (nimble swimmer 2), mertail
a: Renounce Religion, Divine Shield, Cleansing Flame


You were on level 13 of the Dungeon.
You worshipped the Shining One.
The Shining One was greatly pleased with you.
You visited 2 branches of the dungeon, and saw 14 of its levels.

You collected 1711 gold pieces.

Inventory:

Hand Weapons
 a - a +1 trident (weapon)
Missiles
 g - 11 javelins (quivered)
Armour
 c - a +0 helmet (worn)
 d - +3 steam dragon scales (worn)
 e - a +0 cloak (worn)
 y - the +2 pair of gloves of Atsanone (worn) {rElec Dex+3}
   (You acquired it on level 12 of the Dungeon)

   Dex:       It affects your dexterity (+3).
   rElec:     It insulates you from electricity.
Jewellery
 b - a +4 ring of evasion (right hand)
 m - a ring of resist corrosion (left hand)
 t - a +4 ring of protection
 w - an amulet of regeneration (around neck)
Wands
 j - a wand of paralysis (9)
 l - a wand of acid (8)
 n - a wand of roots (7)
 q - a wand of flame (91)
Scrolls
 h - a scroll of silence
 u - 2 scrolls of identify
 v - a scroll of magic mapping
Potions
 f - a potion of mutation
 i - 4 potions of flight
 k - 5 potions of ambrosia
 o - 2 potions of cancellation
 p - 5 potions of lignification
 s - 2 potions of curing
 x - a potion of haste
 z - a potion of might
 A - 4 potions of attraction
 B - a potion of brilliance
 C - a potion of heal wounds


   Skills:
 + Level 15.6 Fighting
 + Level 14.5 Polearms
 - Level 2.0 Throwing
 - Level 5.2 Armour
 + Level 14.5 Dodging
 + Level 9.1 Invocations


You had 12 spell levels left.
You didn't know any spells.
Your spell library contained the following spells:

 Spells                   Type           Power      Damage    Failure   Level
 Foxfire                  Conj/Fire      0%         2x1d4     41%         1
 Magic Dart               Conj           0%         1d3       41%         1
 Necrotise                Necr           0%         1d4       41%         1
 Sting                    Tmut/Pois      0%         1d3       41%         1
 Call Imp                 Summ           0%         N/A       54%         2
 Ensorcelled Hibernation  Hex/Ice        0%         N/A       54%         2
 Passwall                 Tmut/Erth      0%         N/A       54%         2
 Poisonous Vapours        Pois/Air       0%         N/A       54%         2
 Conjure Flame            Conj/Fire      0%         6-21      78%         3
 Inner Flame              Hex/Fire       0%         N/A       78%         3
 Mephitic Cloud           Conj/Pois/Air  0%         N/A       78%         3
 Swiftness                Air            0%         N/A       78%         3
 Vampiric Draining        Necr           0%         2d6       78%         3
 Animate Armour           Summ/Erth      0%         N/A       99%         4
 Cause Fear               Hex            0%         N/A       99%         4
 Flame Wave               Conj/Fire      0%         2d4       99%         4
 Olgreb's Toxic Radiance  Pois           0%         N/A       99%         4
 Agony                    Necr           0%         N/A       100%        5
 Blade Hands              Tmut           0%         N/A       100%        5
 Fireball                 Conj/Fire      0%         3d3       100%        5
 Iron Shot                Conj/Erth      0%         9d1       100%        6
 Starburst                Conj/Fire      0%         6d3       100%        6
 Discord                  Hex            0%         N/A       100%        8
 Ignition                 Fire           0%         3d3       100%        8


Dungeon Overview and Level Annotations

Branches:
Dungeon (13/15)            Temple (1/1) D:7            Lair (0/6) D:11
    Orc (0/2) D:11         Vaults (0/5) D:13

Altars:
Ashenzari
Cheibriados
Dithmenos
Elyvilon
Fedhas
Gozag
Hepliaklqana
Kikubaaqudgha
Makhleb
Nemelex Xobeh
Okawaru
Qazlal
Ru
Sif Muna
Trog
Uskayaw
Vehumet
Wu Jian
Xom
Yredelemnul
Zin
The Shining One

Annotations:
D:8 2 transporters, Sabo's ghost, novice MiFi
D:13 Nessos


Innate Abilities, Weirdness & Mutations

((You are very nimble when in or above water. (Stealth+, EV+, Speed+++)))
Your lower body shifts to a powerful aquatic tail in water.


Message History

You hit the slime creature.
The slime creature is moderately wounded.
You feel sick.
Nessos casts a spell.
Nessos seems to speed up.
The slime creature closely misses you.
Unknown command.
Unknown command.
You feel sick.
Nessos shoots an arrow.
The arrow barely misses you.
Nessos shoots an arrow.
The arrow hits you! The arrow burns you!
You are more poisoned.
Nessos shoots an arrow.
The arrow completely misses you.
You feel very sick.
Nessos shoots an arrow.
The arrow closely misses you.
Nessos shoots an arrow.
The arrow completely misses you.
The slime creature attacks as you move away!
The slime creature completely misses you.
You feel sick.
Nessos zaps a wand.
The roots erupt in riotous growth!
The grasping roots grab you!
The now-empty wand crumbles to dust.
The grasping roots constrict you. x2
You hear two shouts!
You hear a shout! x2
The roots grasp on you weakens, but your attempt to escape fails.
You feel sick.
Nessos shoots an arrow.
The arrow completely misses you. The grasping roots constrict you.
Nessos shoots an arrow.
The arrow hits you! The arrow burns you.
You are more poisoned.
The grasping roots constrict you.
The slime creature completely misses you.
Blink to where?
Press: ? - help, Dir - move target, p - slime creature You escape the roots grasp.
As you read the scroll of blinking, it crumbles to dust.
You feel extremely sick.
You feel very sick.
You feel very sick.
You feel very sick.
Nessos shoots an arrow.
The arrow hits you!
* * * LOW HITPOINT WARNING * * *
The arrow burns you.
You are more poisoned.
You die...

################### #############
.#................# .............
.#................# .............
.#................# .............
.#................# .............
.#................# .............
.###########......########...c...
......#.........@......cJ........
......'..........................
......#.................p.ยง.pp...
......#.......................p..
.###'##########################p.
.#....#....# .p ##....#....# .
p.....#....# . ......#....#


You could see Nessos (fast).

Vanquished Creatures
  Kirke (D:11)
  Josephine (D:12)
  A centaur warrior (D:13)
  A boulder beetle (D:11)
  Erica (D:9)
  4 two-headed ogres
  Urug (D:12)
  Sonja (D:10)
  Lodul (D:12)
  3 deep elf pyromancers
  2 cyclopes (D:11)
  2 manticores
  Maggie (D:10)
  A gargoyle (D:12)
  2 komodo dragons (D:11)
  2 kobold demonologists
  3 trolls
  A tengu conjurer (D:13)
  Prince Ribbit (D:8)
  Sigmund (D:3)
  20 yaks
  3 humans
  A vampire (D:12)
  3 hogs (D:11)
  7 wraiths
  Grum (D:9)
  An acid dragon (D:10)
  4 orc warriors
  A swamp drake (D:11)
  3 ice beasts
  2 black bears (D:6)
  10 ogres
  2 wolves (D:9)
  3 centaurs
  A phantom (D:5)
  5 bullfrogs
  3 kobold brigands
  5 scorpions
  2 necrophages
  A gnoll sergeant (D:8)
  3 wights (D:8)
  21 killer bees
  5 howler monkeys
  A crimson imp (D:11)
  4 hounds (D:5)
  6 orc priests
  An iron imp (D:11)
  11 orc wizards
  Ijyb (D:5)
  An iguana (D:3)
  4 gnolls (D:8)
  4 adders
  3 shadow imps
  2 white imps
  6 worms
  4 dart slugs
  45 orcs
  7 endoplasms
  2 giant cockroaches (D:1)
  8 goblins
  4 hobgoblins
  2 jackals (D:5)
  3 quokkas
  12 ball pythons
  8 bats
  3 frilled lizards (D:2)
  11 kobolds
  6 rats
297 creatures vanquished.

Vanquished Creatures (others)
  A human (D:12)
  4 kobolds (D:7)
  2 fungi (D:5)
  5 plants (D:11)
  2 toadstools (D:5)
14 creatures vanquished.

Grand Total: 311 creatures vanquished

Notes
Turn   | Place    | Note
-------+----------+-------------------------------------------
     0 | D:1      | Demosthentine the Merfolk Gladiator began the quest for the
                  | Orb.
     0 | D:1      | Reached XP level 1. HP: 16/16 MP: 1/1
   187 | D:1      | Reached XP level 2. HP: 15/23 MP: 2/2
   729 | D:1      | Reached XP level 3. HP: 25/28 MP: 3/3
   876 | D:1      | Found a faded altar of an unknown god.
  1686 | D:2      | Reached skill level 1 in Armour
  1953 | D:2      | Reached XP level 4. HP: 34/34 MP: 4/4
  2336 | D:2      | Reached skill level 3 in Fighting
  2985 | D:3      | Reached skill level 5 in Polearms
  2985 | D:3      | Reached skill level 5 in Dodging
  2985 | D:3      | Reached XP level 5. HP: 26/41 MP: 5/5
  3274 | D:3      | Noticed Sigmund
  3297 | D:3      | Killed Sigmund
  3298 | D:3      | Reached XP level 6. HP: 26/48 MP: 6/6
  3437 | D:3      | Found a shimmering altar of Xom.
  3464 | D:3      | Reached skill level 4 in Fighting
  3708 | D:4      | Found a burning altar of Makhleb.
  3851 | D:4      | Found a bloodstained altar of Trog.
  4288 | D:4      | Identified the +1 leather armour of Understanding {rCorr
                  | Int+3}
  4316 | D:4      | Found a snail-covered altar of Cheibriados.
  4316 | D:4      | Found a hazy altar of Hepliaklqana.
  4559 | D:4      | Reached XP level 7. HP: 50/55 MP: 7/7
  4917 | D:5      | Entered Level 5 of the Dungeon
  5620 | D:5      | Reached skill level 5 in Fighting
  6153 | D:5      | Noticed Ijyb
  6164 | D:5      | Killed Ijyb
  6383 | D:6      | Reached XP level 8. HP: 57/62 MP: 8/8
  7465 | D:6      | Reached skill level 6 in Fighting
  7799 | D:6      | Identified a scroll of acquirement
  7799 | D:6      | Acquired a manual of Fighting
  7898 | D:7      | Found a staircase to the Ecumenical Temple.
  7907 | Temple   | Entered the Ecumenical Temple
  7969 | Temple   | Became a worshipper of the Shining One
  8039 | D:7      | Noticed a two-headed ogre
  8266 | D:6      | Acquired 680 gold pieces
  8311 | D:7      | Found a shadowy altar of Dithmenos.
  8382 | D:7      | Reached XP level 9. HP: 53/71 MP: 9/9
  8400 | D:7      | Killed a two-headed ogre
  8401 | D:7      | Reached skill level 7 in Fighting
  8847 | D:8      | Reached skill level 8 in Fighting
  9157 | D:8      | Noticed Prince Ribbit
  9196 | D:8      | Killed Prince Ribbit
  9724 | D:8      | Found a transporter.
  9728 | D:8      | Noticed Sabo's ghost (novice MiFi)
  9729 | D:8      | Noticed a moth of wrath
  9741 | D:8      | Found a transporter.
  9741 | D:8      | Reached * piety under the Shining One
  9835 | D:8      | Reached skill level 5 in Armour
 10000 | D:8      | Reached skill level 9 in Fighting
 10233 | D:8      | Noticed a deep elf pyromancer
 10244 | D:8      | Killed a deep elf pyromancer
 10245 | D:8      | Reached skill level 10 in Polearms
 10245 | D:8      | Reached skill level 10 in Dodging
 10245 | D:8      | Reached XP level 10. HP: 66/83 MP: 10/10
 10388 | D:8      | Found an ancient bone altar of Kikubaaqudgha.
 10767 | D:9      | Reached skill level 1 in Invocations
 10778 | D:9      | Found a blossoming altar of Fedhas.
 10795 | D:9      | Noticed Erica
 10914 | D:8      | Reached skill level 10 in Fighting
 10955 | D:9      | Killed Erica
 11174 | D:9      | Noticed Grum
 11251 | D:9      | Killed Grum
 11252 | D:9      | Reached skill level 11 in Fighting
 11299 | D:9      | Noticed a kobold demonologist
 11301 | D:9      | Noticed an orange demon
 11304 | D:9      | Noticed a smoke demon
 11314 | D:9      | Killed a kobold demonologist
 11425 | D:9      | Reached ** piety under the Shining One
 11465 | D:9      | Reached XP level 11. HP: 91/93 MP: 14/14
 11696 | D:10     | Entered Level 10 of the Dungeon
 11854 | D:10     | Noticed Sonja
 11855 | D:10     | Reached skill level 12 in Fighting
 11871 | D:10     | Reached skill level 5 in Invocations
 11878 | D:10     | Killed Sonja
 11889 | D:10     | Noticed Maggie
 11904 | D:10     | Killed Maggie
 12435 | D:10     | Found a basalt altar of Yredelemnul.
 12558 | D:11     | Found a staircase to the Orcish Mines.
 12611 | D:11     | Noticed a boulder beetle
 12642 | D:11     | HP: 3/96 [boulder beetle (11)]
 12865 | D:11     | Noticed a cyclops
 12877 | D:11     | Killed a cyclops
 13102 | D:11     | Found a staircase to the Lair.
 13115 | D:11     | Killed a boulder beetle
 13116 | D:11     | Reached skill level 13 in Fighting
 13252 | D:11     | Noticed a manticore
 13262 | D:11     | Killed a manticore
 13480 | D:11     | Noticed a soul eater
 13502 | D:11     | Noticed a sun demon
 13736 | D:11     | Reached *** piety under the Shining One
 13758 | D:11     | Noticed a deep elf pyromancer
 13776 | D:11     | Killed a deep elf pyromancer
 13777 | D:11     | Reached XP level 12. HP: 50/105 MP: 17/17
 13865 | D:11     | Identified the +1 hat of Mirth {-Cast rN+ Will+}
 13933 | D:12     | Noticed Lodul
 13979 | D:12     | Noticed Kirke
 14005 | D:11     | Reached skill level 14 in Fighting
 14114 | D:11     | Killed Kirke
 14156 | D:12     | Killed Lodul
 14388 | D:12     | Noticed Josephine
 14415 | D:12     | Reached **** piety under the Shining One
 14558 | D:12     | Killed Josephine
 14559 | D:12     | Reached skill level 15 in Fighting
 14563 | D:12     | Noticed a two-headed ogre
 14575 | D:12     | Killed a two-headed ogre
 14839 | D:12     | Acquired the +2 pair of gloves of Atsanone {rElec Dex+3}
 14913 | D:13     | Noticed a centaur warrior
 14925 | D:13     | Killed a centaur warrior
 15022 | D:13     | Noticed a two-headed ogre
 15023 | D:13     | Noticed a two-headed ogre
 15023 | D:13     | Noticed Urug
 15094 | D:12     | Killed a two-headed ogre
 15104 | D:12     | Killed a two-headed ogre
 15105 | D:12     | Reached XP level 13. HP: 116/116 MP: 19/19
 15145 | D:12     | Killed Urug
 15260 | D:13     | Found a gate to the Vaults.
 15260 | D:13     | Noticed Nessos
 15272 | D:13     | HP: 4/117 [Nessos/arrow (17)]
 15272 | D:13     | Shot with an arrow by Nessos

Illustrated notes

Levels and vault maps discovered:
D:1:      nzn_arrival_water_spiral, layout_basic,
          nicolae_ecumenical_snake_handling
D:2:      layout_basic
D:3:      layout_rooms, mainiacjoe_overflow_brackets, uniq_sigmund
D:4:      layout_basic, mainiacjoe_overflow_catwalk, bloody_makhleb,
          gammafunk_temple_overflow_statue, minivault_27
D:5:      layout_basic, minmay_gold_behind_fungi, uniq_ijyb
D:6:      layout_gridville
D:7:      layout_rooms, general_overflow_altar, lemuel_temple_firewalk_b
D:8:      layout_basic, mainiacjoe_overflow_surrounded_room,
          gammafunk_ghost_berserking_beasts, dreamdust_wishing_well,
          kennysheep_just_a_vault, uniq_prince_ribbit1
D:9:      layout_basic, mainiacjoe_overflow_tiny_flanked, uniq_erica, uniq_grum
D:10:     layout_basic, lemuel_coloured_pillars_altar, serial_glass,
          glass_columns_a, glass_columns_c, feat_on_display, uniq_sonja,
          uniq_maggie
D:11:     layout_stronghold, david_lair_shrubbed, erik_orc_4,
          hangedman_minor_magic
D:12:     layout_cave_pools, uniq_kirke, uniq_josephine, uniq_lodul
D:13:     cheibrodos_shockbox, layout_grid_maze, david_vaults_3, uniq_jorgrun
Temple:   cyrus_circular_temple

Skill      XL: |  1  2  3  4  5  6  7  8  9 10 11 12 13 |
---------------+----------------------------------------+-----
Armour         | 1 2 3 4 5 |  5.2
Fighting       | 3 4 5 6 9 11 13 15 | 15.6
Polearms       | 5 6 7 8 10 11 12 14 | 14.5
Dodging        | 5 6 7 8 10 11 12 14 | 14.5
Invocations    | 4 6 8 9 |  9.1
Throwing       | |  2.0

Action                   |  1- 3 |  4- 6 |  7- 9 | 10-12 | 13-15 || total
-------------------------+-------+-------+-------+-------+-------++-------
Melee: Trident           |   124 |   190 |   401 |  1081 |    38 ||  1834
       Punch             |     2 |     1 |     1 |    23 |     1 ||    28
       Tailslap          |     1 |       |       |       |       ||     1
       Unarmed           |       |       |       |     6 |       ||     6
Throw: Throwing net      |       |       |     4 |     1 |       ||     5
Invok: Divine Shield     |       |       |       |     1 |     1 ||     2
  Use: Scroll            |     4 |     8 |    12 |    11 |     1 ||    36
       Potion            |       |     2 |     3 |       |       ||     5
 Stab: Sleeping          |     4 |     3 |       |       |       ||     7
       Held in net/web   |       |       |     1 |       |       ||     1
Armor: Leather armour    |    23 |    40 |   108 |    59 |       ||   230
       Steam dragon scal |       |       |       |    86 |     2 ||    88
Dodge: Dodged            |    45 |    77 |   258 |   876 |    35 ||  1291
Block: Other             |       |       |       |     5 |     8 ||    13

Table legend: (Time is in decaauts)
 A = Elapsed time spent in this place.
 B = Non-inter-level travel time spent in this place.
 C = Inter-level travel time spent in this place.
 D = Time resting spent in this place.
 E = Time spent auto-exploring this place.
 F = Levels seen in this place.
 G = Mean time per level.
                   A        B        C        D        E       F      G
               +--------+--------+--------+--------+--------+-----+--------+
         Total |  14925 |  14611 |    314 |    769 |  10931 |  14 | 1066.1 |
       Dungeon |  14847 |  14533 |    314 |    769 |  10889 |  13 | 1142.1 |
        Temple |     77 |     77 |      0 |      0 |     42 |   1 |   77.0 |
               +--------+--------+--------+--------+--------+-----+--------+

Top non-repeatable levels by time:
     D:8: 1936 daAuts
     D:6: 1608 daAuts
    D:11: 1513 daAuts
     D:5: 1455 daAuts
     D:2: 1446 daAuts
     D:1: 1302 daAuts
     D:4: 1262 daAuts
     D:3: 889 daAuts
     D:9: 862 daAuts
    D:10: 791 daAuts
     D:7: 766 daAuts
    D:12: 720 daAuts
    D:13: 291 daAuts
  Temple: 77 daAuts
